Map: Ice and Chrome LE

Players

LiquidMaNa (MaNa)

  • Race: Protoss Protoss
  • League: Grandmaster
  • Spawn Location: 1:00

Reynor - Winner!

  • Race: Zerg Zerg
  • League: Master
  • Spawn Location: 7:00

Event: DreamHack SC2 Masters 2020 Fall

VOD

Have the link to the VOD?

Description

Time

  • Played on: Sept. 8, 2020, 1:11 p.m.
  • Length: 16:27

All games in this series

Show
View Real Time Build Order
Export as new Build Order

LiquidMaNa Protoss 

Build Orders:  

Get SALT Encoding   

  12  0:00  Probe  
  13  0:12  Probe  
  14  0:20  Pylon  
  14  0:24  Probe  
  15  0:38  Probe (Chrono Boost)  
  16  0:44  Gateway  
  16  0:47  Probe (Chrono Boost)  
  17  0:52  Assimilator, Probe  
  18  1:04  Probe  
  18  1:10  Pylon  
  19  1:17  Probe  
  20  1:29  Probe  
  20  1:32  Cybernetics Core  
  21  1:33  Zealot (Chrono Boost)  
  23  1:41  Probe  
  23  1:44  Pylon  
  24  1:54  Probe  
  24  2:05  Adept (Chrono Boost)  
  24  2:07  Probe  
  27  2:16  Pylon  
  27  2:20  Probe  
  28  2:28  Adept  
  30  2:30  Warp Gate  
  30  2:36  Probe  
  31  2:51  Pylon  
  31  3:03  Nexus  
  31  3:09  Probe  
  32  3:13  Stargate  
  32  3:19  Assimilator  
  32  3:21  Probe  
  33  3:30  Gateway  
  33  3:33  Probe (Chrono Boost)  
  34  3:40  Adept  
  36  3:44  Probe (Chrono Boost)  
  37  3:49  Probe (Chrono Boost)  
  37  3:51  Pylon  
  38  4:00  Probe  
  38  4:01  Void Ray (Chrono Boost)  
  43  4:16  Probe x2 (Chrono Boost)  
  45  4:20  Adept  
  47  4:25  Adept  
  47  4:28  Probe (Chrono Boost)  
  51  4:34  Probe (Chrono Boost)  
  51  4:36  Oracle, Probe (Chrono Boost)  
  55  4:40  Probe (Chrono Boost)  
  55  4:42  Probe  
  57  4:47  Pylon  
  57  4:52  Probe  
  58  4:54  Probe  
  58  4:57  Robotics Facility, Assimilator  
  59  5:04  Probe  
  60  5:11  Nexus  
  60  5:13  Probe  
  61  5:16  Probe  
  61  5:17  Sentry  
  61  5:20  Assimilator  
  64  5:23  Pylon  
  64  5:25  Probe  
  65  5:30  Twilight Council  
  65  5:31  Probe  
  66  5:37  Forge, Probe  
  67  5:43  Probe  
  67  5:46  Observer  
  67  5:49  Probe  
  70  5:55  Probe  
  71  6:01  Probe  
  71  6:02  Protoss Ground Weapons Level 1 (Chrono Boost)  
  71  6:03  Adept x2  
  76  6:05  Shield Battery  
  76  6:07  Gateway, Probe  
  76  6:09  Gateway, Charge (Chrono Boost)  
  77  6:25  Probe x2 (Chrono Boost)  
  80  6:26  Probe (Chrono Boost)  
  80  6:32  Warp Prism  
  82  6:39  Gateway x2, Probe x2 (Chrono Boost)  
  82  6:40  Probe (Chrono Boost)  
  85  6:49  Probe  
  85  6:50  Probe  
  85  6:51  Probe  
  88  6:55  Templar Archives  
  88  7:01  Probe  
  89  7:02  Probe  
  89  7:05  Assimilator  
  89  7:06  Assimilator  
  90  7:09  Gateway, Pylon  
  90  7:14  Robotics Bay  
  90  7:17  Robotics Facility  
  90  7:24  Immortal (Chrono Boost)  
  90  7:26  Pylon  
  90  7:28  Pylon  
  94  7:30  Gateway  
  94  7:32  Gateway  
  94  7:34  Probe x3  
  97  7:38  Sentry x2  
  101  7:55  Probe  
  102  8:00  Immortal  
  106  8:11  Zealot x2  
  106  8:12  Zealot x3  
  116  8:15  Probe  
  116  8:17  Probe  
  116  8:18  Probe  
  117  8:27  Probe  
  116  8:28  Immortal  
  116  8:29  Probe  
  116  8:33  Stalker x5  
  117  8:34  Nexus  
  117  8:43  Protoss Ground Weapons Level 2  
  117  8:45  Pylon  
  117  8:49  Pylon  
  115  8:56  Warp Prism  
  115  9:00  Extended Thermal Lance  
  115  9:02  Observer  
  117  9:05  Probe x2  
  117  9:07  Pylon, Photon Cannon, Colossus (Chrono Boost)  
  117  9:09  Photon Cannon  
  126  9:11  Psionic Storm  
  126  9:13  High Templar  
  126  9:14  High Templar x2  
  126  9:15  High Templar  
  133  9:19  Pylon  
  133  9:23  Void Ray  
  135  9:35  Blink (Chrono Boost)  
  135  9:38  Warp Prism (Chrono Boost), Assimilator  
  135  9:45  Shield Battery  
  137  9:48  Probe x2  
  139  9:53  Colossus (Chrono Boost)  
  139  9:58  Photon Cannon  
  151  10:15  High Templar  
  151  10:16  High Templar, Stalker x4  
  151  10:20  Archon  
  155  10:31  Stalker x3  
  161  10:42  Immortal  
  131  10:52  Stalker x6  
  131  10:55  High Templar  
  131  10:56  Probe x2  
  145  11:01  High Templar  
  145  11:02  Assimilator  
  147  11:09  High Templar  
  149  11:18  High Templar  
  149  11:24  Immortal  
  155  11:31  Pylon  
  155  11:35  Probe (Chrono Boost)  
  155  11:36  Probe (Chrono Boost)  
  154  11:42  Probe x2 (Chrono Boost)  
  144  11:47  Probe (Chrono Boost)  
  144  11:49  Zealot x7  
  144  11:51  Void Ray  
  144  11:53  Probe (Chrono Boost)  
  144  11:54  High Templar x2, Protoss Ground Weapons Level 3 (Chrono Boost), Probe x2 (Chrono Boost)  
  160  11:56  Probe (Chrono Boost)  
  160  11:59  Probe x2 (Chrono Boost)  
  160  12:00  Probe (Chrono Boost)  
  170  12:01  Pylon  
  170  12:02  Pylon, Probe  
  163  12:08  Probe x2  
  159  12:16  Sentry  
  159  12:21  Probe x3  
  159  12:22  Photon Cannon  
  164  12:28  Void Ray  
  149  12:38  Stalker  
  149  12:39  Stalker x6  
  149  12:42  Protoss Air Weapons Level 1  
  149  12:43  Probe x4  
  155  12:48  Colossus  
  161  12:55  High Templar, Probe  
  164  13:07  Colossus  
  164  13:12  Void Ray, Probe x2  
  172  13:14  Shield Battery  
  172  13:15  Photon Cannon  
  168  13:30  Probe x2  
  170  13:35  High Templar x2  
  170  13:38  Stalker x3  
  170  13:40  Archon  
  170  13:41  Stalker  
  182  13:47  Probe x2  
  184  13:55  Stalker x2  
  188  13:57  Pylon  
  188  14:09  Nexus  
  188  14:15  Observer  
  188  14:16  High Templar x3  
  195  14:20  High Templar  
  196  14:26  Archon  
  196  14:27  Archon  
  196  14:31  Nexus  
  187  14:40  Probe x3  
  171  14:47  Zealot  
  171  14:48  Zealot x3  
  171  14:52  High Templar x2  
  180  14:53  High Templar x2  
  180  14:56  Archon  
  180  14:57  Archon  
  186  15:01  Observer  
  187  15:12  Warp Prism  
  185  15:16  Stalker  
  187  15:27  Zealot  
  177  15:40  Zealot x7  
  157  16:02  Stalker x6  
  145  16:09  High Templar x2  
  141  16:13  Archon  
Show
View Real Time Build Order
Export as new Build Order

Reynor Zerg - Winner!

Build Orders: Pool First 

Get SALT Encoding   

  12  0:00  Drone  
  13  0:12  Overlord  
  13  0:16  Drone  
  14  0:31  Drone x2  
  16  0:42  Spawning Pool  
  15  0:45  Drone  
  16  0:51  Drone  
  17  1:14  Hatchery  
  17  1:18  Drone  
  17  1:29  Zergling x4  
  17  1:30  Zergling x2  
  20  1:40  Zergling x2  
  21  1:52  Overlord  
  21  1:57  Hatchery  
  20  2:01  Drone  
  20  2:03  Evolution Chamber  
  22  2:10  Queen  
  24  2:16  Drone  
  24  2:19  Hatchery  
  24  2:24  Drone  
  25  2:35  Drone  
  25  2:36  Extractor  
  24  2:46  Drone, Queen  
  27  2:55  Drone  
  29  3:07  Overlord  
  29  3:09  Queen  
  29  3:10  Zergling x2  
  31  3:17  Hatchery  
  30  3:20  Zergling x2  
  30  3:23  Drone x4  
  35  3:33  Drone  
  35  3:34  Drone  
  37  3:38  Metabolic Boost  
  37  3:44  Zergling x2  
  37  3:45  Drone  
  39  3:55  Zergling x2  
  39  3:56  Overlord  
  39  3:57  Drone x2  
  39  4:00  Drone  
  42  4:03  Drone  
  42  4:08  Overlord  
  43  4:12  Spore Crawler  
  43  4:16  Drone  
  43  4:17  Spore Crawler  
  43  4:19  Drone  
  43  4:20  Drone  
  43  4:23  Drone  
  45  4:27  Drone  
  45  4:30  Drone x2  
  45  4:31  Drone  
  49  4:34  Drone  
  49  4:35  Drone  
  51  4:40  Queen  
  51  4:42  Drone  
  54  4:47  Zergling x4  
  54  4:49  Drone  
  54  4:50  Drone  
  54  4:52  Spore Crawler  
  57  4:56  Overlord  
  57  4:57  Drone  
  58  5:03  Spore Crawler  
  58  5:04  Drone  
  58  5:07  Overlord  
  58  5:15  Drone x2  
  58  5:16  Drone x5  
  58  5:17  Drone  
  66  5:26  Lair  
  66  5:27  Extractor  
  66  5:28  Drone x3  
  68  5:29  Roach Warren  
  68  5:31  Queen  
  69  5:36  Drone x3  
  69  5:38  Drone  
  69  5:39  Drone  
  74  5:42  Overlord  
  74  5:49  Overlord  
  74  5:50  Spore Crawler  
  74  5:51  Drone x2  
  74  5:57  Evolution Chamber  
  74  6:01  Overlord  
  74  6:02  Zergling x10  
  78  6:05  Queen  
  78  6:10  Roach x5  
  90  6:14  Extractor  
  90  6:15  Extractor  
  90  6:17  Overlord  
  88  6:21  Drone x2  
  88  6:23  Drone  
  88  6:25  Drone  
  92  6:26  Zerg Missile Weapons Level 1  
  92  6:32  Roach  
  94  6:33  Drone x4  
  94  6:35  Hatchery  
  94  6:38  Roach x2  
  94  6:39  Overlord  
  101  6:40  Drone  
  101  6:43  Extractor x2  
  101  6:45  Drone x2  
  102  6:50  Glial Reconstitution  
  102  6:51  Drone  
  102  6:54  Drone  
  102  6:56  Drone  
  102  6:59  Drone  
  101  7:01  Drone x2  
  101  7:05  Pneumatized Carapace  
  101  7:06  Overseer  
  103  7:08  Drone x4  
  106  7:17  Drone x2  
  106  7:21  Overlord  
  108  7:22  Baneling Nest  
  108  7:23  Roach x3  
  113  7:32  Evolution Chamber  
  113  7:33  Overlord  
  113  7:36  Drone x2  
  114  7:37  Overlord  
  114  7:43  Overlord  
  114  7:45  Drone x2  
  114  7:46  Drone x2  
  114  7:47  Drone x2  
  120  7:53  Zergling x2  
  120  7:54  Zergling x4  
  120  7:55  Overlord  
  120  7:57  Roach x3  
  128  8:00  Roach x2  
  128  8:04  Zerg Melee Weapons Level 1  
  128  8:05  Drone x3  
  134  8:07  Ravager x2  
  134  8:08  Zergling x2  
  134  8:11  Zergling x8  
  134  8:12  Zergling x2  
  142  8:13  Ravager  
  142  8:14  Ravager, Hatchery  
  142  8:15  Roach  
  142  8:16  Zergling x2  
  139  8:24  Drone x2  
  139  8:25  Drone  
  135  8:27  Drone x4  
  135  8:33  Drone  
  135  8:34  Drone x2  
  140  8:35  Drone x3  
  140  8:36  Drone x3  
  140  8:38  Drone  
  147  8:44  Centrifical Hooks  
  147  8:46  Baneling x9  
  147  8:48  Roach, Ravager, Zergling x4  
  151  8:49  Ravager x2  
  151  8:50  Zergling x2  
  151  8:53  Zergling x2  
  151  8:55  Zergling x4  
  158  8:57  Zerg Missile Weapons Level 2, Spire  
  158  9:00  Extractor x2  
  158  9:01  Drone x2  
  158  9:02  Drone x3  
  160  9:05  Overlord  
  160  9:10  Baneling x8  
  160  9:19  Overlord  
  160  9:20  Overlord  
  160  9:21  Overlord  
  160  9:24  Zergling x12  
  166  9:35  Zergling x16  
  174  9:41  Zergling x2, Baneling x4  
  174  9:42  Zergling x10  
  180  9:46  Infestation Pit, Zergling x4  
  180  9:50  Zergling x8  
  180  9:52  Drone x2  
  187  9:54  Spore Crawler  
  187  9:55  Spine Crawler  
  187  9:57  Zergling x4  
  187  10:00  Zerg Melee Weapons Level 2  
  187  10:02  Baneling  
  187  10:03  Baneling x23  
  187  10:04  Zergling x2  
  187  10:05  Zergling x4  
  190  10:08  Overlord  
  190  10:14  Hatchery  
  189  10:20  Baneling x3  
  189  10:21  Baneling x5  
  189  10:26  Zergling x8  
  189  10:27  Zergling x12  
  198  10:30  Hive  
  198  10:34  Baneling x10  
  183  10:45  Zergling x42  
  168  10:55  Roach x3  
  159  10:57  Zergling x8  
  159  11:02  Baneling x14  
  160  11:05  Drone  
  160  11:06  Drone x2  
  160  11:08  Zerg Flyer Weapons Level 1  
  160  11:10  Drone x3  
  160  11:11  Extractor x2  
  165  11:14  Ravager x3  
  165  11:17  Corruptor x4  
  175  11:21  Corruptor  
  175  11:24  Zergling x10  
  175  11:25  Zergling x4  
  183  11:27  Corruptor  
  167  11:48  Drone x4  
  167  11:50  Roach, Zergling x22  
  167  11:53  Baneling x7  
  182  11:56  Drone x3  
  182  11:57  Drone x2  
  182  11:59  Adrenal Glands, Zerg Missile Weapons Level 3  
  187  12:02  Baneling x10  
  187  12:03  Baneling  
  187  12:06  Zergling x26  
  193  12:09  Drone x2  
  193  12:10  Drone  
  193  12:11  Zergling x2  
  196  12:18  Baneling x3  
  196  12:20  Baneling x10  
  196  12:23  Zerg Melee Weapons Level 3  
  195  12:32  Spore Crawler  
  195  12:33  Spine Crawler  
  195  12:35  Spine Crawler  
  195  12:37  Spine Crawler  
  181  12:40  Hatchery  
  181  12:42  Corruptor x3  
  181  12:43  Corruptor x2  
  182  12:46  Zergling x2  
  182  12:47  Zergling x24  
  195  12:52  Overlord x2  
  195  12:56  Baneling  
  195  12:57  Baneling x7  
  195  13:04  Overseer  
  195  13:05  Corruptor  
  194  13:07  Greater Spire  
  196  13:13  Drone x2  
  196  13:17  Zergling x4  
  183  13:29  Zergling x2  
  183  13:30  Zergling x36  
  183  13:31  Baneling x5  
  182  13:55  Roach x2  
  186  13:57  Zergling x2, Baneling x15  
  186  13:58  Zergling x24  
  197  14:14  Ultralisk Cavern  
  196  14:19  Zergling x8  
  185  14:45  Zergling x28  
  183  14:46  Corruptor  
  183  14:47  Corruptor x3  
  191  14:55  Extractor  
  191  14:56  Extractor, Baneling x3  
  191  14:57  Baneling x12  
  188  15:00  Roach, Zergling x20  
  197  15:09  Baneling  
  197  15:10  Baneling x8  
  197  15:13  Zergling x32  
  198  15:17  Baneling x2  
  198  15:18  Baneling x15  
  198  15:20  Baneling x2  
  198  15:21  Zergling x2, Baneling x14  
  196  15:22  Zergling x6  
  199  15:28  Spore Crawler  
  199  15:29  Spine Crawler x2  
  185  15:40  Roach x11  
  198  15:43  Baneling x13  
  198  15:44  Baneling  
  188  15:55  Zergling x28  
  188  15:56  Zergling x26  
  196  15:59  Roach x2, Zergling x6  
  196  16:04  Zergling x2  
  187  16:08  Zergling x10  

Tags
 
Add a new tag
Caveats
  • Supply blocks, unpowered buildings, or Contaminate may cause inaccurate times.
  • Supply counts are checked every 10 seconds.